 Dungeon Crawl Stone Soup version 0.28.0 (webtiles) character file.

Game seed: 688576647943925894

119653 Hasart the Gelid (level 15, -10/113 HPs)
             Began as a Demigod Conjurer on Feb 17, 2022.
             Killed from afar by a blizzard demon (33 damage)
             ... with a bolt of lightning
             ... in an ice cave.
             The game lasted 01:42:44 (37488 turns).

Hasart the Gelid (Demigod Conjurer)                Turns: 37488, Time: 01:42:44

Health: -10/113    AC: 13    Str:  8    XL:     15   Next: 81%
Magic:  36/44      EV: 12    Int: 44    God:
Gold:   803        SH: 11    Dex: 14    Spells: 8/37 levels left

rFire   + . .      SeeInvis .   p - staff of cold
rCold   + + .      Faith    .   O - +0 kite shield
rNeg    . . .      Spirit   .   w - +2 robe {rC+}
rPois   .          Reflect  .   i - +1 helmet of Sif Muna's Hope {Rampage Int+4}
rElec   .          Harm     .   l - +2 cloak
rCorr   .          Rampage  +   W - +0 pair of gloves of Reason {Rampage Slay+2 Stlth+}
Will    +++..                   Y - +2 pair of boots of Xidouf {Dex+2}
Stlth   +++.......              e - amulet of magic regeneration
HPRegen 0.28/turn               G - ring of willpower
MPRegen 0.69/turn               y - ring of Creativity {rF+ Will+ MP+9}

@: no status effects
A: high MP 1, forlorn, divine attributes
a: no special abilities


You were in an ice cave.
You visited 3 branches of the dungeon, and saw 23 of its levels.
You also visited: Bailey, Gauntlet and Ice Cave.

You collected 2231 gold pieces.
You spent 1428 gold pieces at shops.

Inventory:

Hand Weapons
 b - a +6 dagger of draining
 n - a +0 dagger of electrocution
 t - the +8 falchion "Xuof" {vorpal, Drain rF+ rCorr Str+6 SInv}
   (You bought it in a shop on level 2 of the Orcish Mines)

   It inflicts extra damage upon your enemies.
   Str:       It affects your strength (+6).
   rF:        It protects you from fire.
   SInv:      It lets you see invisible.
   rCorr:     It protects you from acid and corrosion.
   Drain:     It drains your maximum health when unequipped.
Armour
 i - the +1 helmet of Sif Muna's Hope (worn) {Rampage Int+4}
   (You found it in an ice cave)

   Int:       It affects your intelligence (+4).
   Rampage:   It bestows one free step when moving towards enemies.
 l - a +2 cloak (worn)
 w - a +2 robe of cold resistance (worn)
 O - a +0 kite shield (worn)
 Q - +0 acid dragon scales
 W - the +0 pair of gloves of Reason (worn) {Rampage Slay+2 Stlth+}
   (You found it on level 12 of the Dungeon)

   Slay:      It affects your accuracy & damage with ranged weapons and melee
   (+2).
   Rampage:   It bestows one free step when moving towards enemies.
   Stlth:     It makes you more stealthy.
 Y - the +2 pair of boots of Xidouf (worn) {Dex+2}
   (You found it in a Gauntlet)

   Dex:       It affects your dexterity (+2).
Magical Staves
 p - a staff of cold (weapon)
 M - a staff of air
Jewellery
 e - an amulet of magic regeneration (around neck)
 v - a ring of see invisible
 y - the ring of Creativity (right hand) {rF+ Will+ MP+9}
   (You took it off a minotaur in a Gauntlet)

   [ring of magical power]

   rF:        It protects you from fire.
   MP:        It affects your magic capacity (+9).
   Will:      It increases your willpower.
 G - a ring of willpower (left hand)
 H - a ring of fire
 N - a ring of positive energy
 P - an amulet of reflection
Wands
 k - a wand of digging (4)
 s - a wand of iceblast (13)
 u - a wand of acid (6)
 z - a wand of flame (10)
 D - a wand of mindburst (25)
 U - a wand of paralysis (14)
Scrolls
 g - 7 scrolls of fog
 h - a scroll of silence
 x - 3 scrolls of torment
 A - 3 scrolls of amnesia
 B - 6 scrolls of identify
 C - 2 scrolls of immolation
 F - 3 scrolls of magic mapping
 I - 2 scrolls of enchant weapon
 S - a scroll of enchant armour
 V - 4 scrolls of teleportation
 X - 2 scrolls of summoning
Potions
 a - 7 potions of mutation
 c - 2 potions of haste
 d - 2 potions of resistance
 f - 4 potions of brilliance
 j - 6 potions of ambrosia
 m - 8 potions of curing
 o - 3 potions of berserk rage
 q - 3 potions of might
 r - 2 potions of attraction
 E - 2 potions of flight
 J - a potion of magic
 K - 2 potions of invisibility
 L - 4 potions of cancellation
 Z - a potion of degeneration {unknown}


   Skills:
 - Level 5.0 Fighting
 - Level 5.0 Dodging
 - Level 1.7 Stealth
 + Level 10.3 Shields
 + Level 11.7 Spellcasting
 - Level 10.0 Conjurations
 - Level 1.5 Summonings
 * Level 15.4 Ice Magic
 - Level 8.0 Air Magic
 - Level 7.0 Poison Magic
 - Level 5.0 Evocations


You had 8 spell levels left.
You knew the following spells:

 Your Spells              Type           Power      Damage    Failure   Level
a - Ozocubu's Refrigerat  Ice            63%        4d17      3%          7
b - Searing Ray           Conj           100%       2d8       1%          2
c - Freezing Cloud        Conj/Ice/Air   55%        6-21      1%          5
d - Sticky Flame          Conj/Fire      63%        2d8       3%          4
e - Call Canine Familiar  Summ           39%        N/A       3%          3
f - Fulminant Prism       Conj/Hex       31%        3d16      3%          4
z - Olgreb's Toxic Radia  Pois           72%        N/A       1%          4

Your spell library contained the following spells:

 Spells                   Type           Power      Damage    Failure   Level
 Magic Dart               Conj           100%       1d8       1%          1
 Sting                    Tmut/Pois      100%       1d8       1%          1
 Summon Small Mammal      Summ           100%       N/A       1%          1
 Poisonous Vapours        Pois/Air       100%       N/A       1%          2
 Conjure Flame            Conj/Fire      63%        6-21      1%          3
 Dazzling Flash           Conj/Hex       100%       N/A       1%          3
 Mephitic Cloud           Conj/Pois/Air  78%        N/A       1%          3
 Airstrike                Air            38%        N/A       1%          4
 Hailstorm                Conj/Ice       100%       3d20      1%          4
 Ice Form                 Ice/Tmut       96%        N/A       1%          4
 Lightning Bolt           Conj/Air       40%        1d59      1%          5
 Pain                     Necr           100%       1d9       2%          1
 Slow                     Hex            100%       N/A       2%          1
 Ignite Poison            Fire/Tmut/Pois 46%        N/A       2%          3
 Iskenderun's Mystic Bla  Conj/Tloc      63%        2d13      3%          4
 Summon Lightning Spire   Summ/Air       61%        N/A       3%          4
 Summon Guardian Golem    Hex/Summ       32%        N/A       5%          3
 Confusing Touch          Hex            25%        N/A       8%          3
 Vampiric Draining        Necr           25%        2d7       8%          3
 Simulacrum               Ice/Necr       48%        N/A       16%         6
 Animate Dead             Necr           12%        N/A       24%         4
 Cause Fear               Hex            12%        N/A       24%         4
 Agony                    Necr           25%        N/A       56%         5
 Borgnjor's Vile Clutch   Necr/Erth      12%        N/A       56%         5
 Excruciating Wounds      Necr           12%        N/A       56%         5
 Death Channel            Necr           12%        N/A       98%         6
 Dragon Form              Tmut           12%        N/A       100%        7
 Ignition                 Fire           12%        3d6       100%        8
 Polar Vortex             Ice            63%        N/A       99%         9
 Dragon's Call            Summ           19%        N/A       100%        9


Dungeon Overview and Level Annotations

Branches:
Dungeon (14/15)            Temple (0/1) D:5            Lair (6/6) D:8
 Shoals (0/4) Lair:2       Spider (0/4) Lair:2        Slime (0/5) Lair:6
    Orc (2/2) D:10            Elf (0/3) Orc:2        Vaults (0/5) D:13
 Bailey (visited)           IceCv (1/1)             Gauntlet (visited)

Shops:
D:5 [   D:7 [[*:   D:13 (   Orc:2 [((=?

Annotations:
Lair:4 3 runed translucent doors, Fifowuza's ghost, journeyman DrTm
Lair:6 1 runed translucent door, bidolon's ghost, journeyman SpEn


Innate Abilities, Weirdness & Mutations

You have an increased reservoir of magic. (+10% MP)
You shall have no god before yourself.
Your divine heritage dramatically boosts your attributes as you level up.


Message History

Press: ? - help, Dir - move target You conjure a prism of explosive energy!
A fulminant prism comes into view.
Your fulminant prism crackles loudly.
Unknown command.
Unknown command.
The blizzard demon gestures at you. The freezing blast engulfs you. You resist.
Your fulminant prism crackles loudly.
Your fulminant prism explodes!
The blast of energy engulfs the blizzard demon!!
The blizzard demon is moderately wounded.
Unknown command.
Unknown command.
Casting: Fulminant Prism (mildly dangerous; 3% risk of failure)
Confirm with . or Enter, or press ? or * to list all spells.
Aiming: Fulminant Prism (mildly dangerous; 3% risk of failure)
Press: ? - help, Dir - move target You conjure a prism of explosive energy!
A fulminant prism comes into view.
You are engulfed in freezing vapours.
You resist. The blizzard demon gestures at you.
The bolt of lightning hits you!! x2
* * * LOW HITPOINT WARNING * * *
Your fulminant prism explodes!
The blast of energy engulfs the blizzard demon!!
The blizzard demon is severely wounded.
Unknown command.
You feel much better.
You are engulfed in freezing vapours.
You resist.
The blizzard demon waves its arms in wide circles.
The air twists around and strikes you!
* * * LOW HITPOINT WARNING * * *
Your fulminant prism crackles loudly.
Unknown command.
Okay, then.
You feel better.
You are engulfed in freezing vapours.
You resist.
* * * LOW HITPOINT WARNING * * *
The blizzard demon gestures at you. The bolt of lightning hits you!!
You die...

...#..###
##.....## ##..###
##...#### ####
####...##
#######....###
####....#...###
##...##....### ##
#..#########
######.# ##...###
##○○*#.# ##....##
#@☼○○2#
##....######○○.##
###.....#####☼.#
##.....####..#
###....#...##
###....###
#..##### ##.# ###


You could see a blizzard demon (ally target) and a friendly fulminant prism.

Vanquished Creatures
  Gastronok (Lair:3)
  An orc warlord (Bailey)
  A very ugly thing (IceCv)
  A deep elf annihilator (D:13)
  A minotaur (Gauntlet)
  A blizzard demon (IceCv)
  Harold (Orc:1)
  A yaktaur captain (D:13)
  4 boulder beetles
  9 hydras
  A caustic shrike simulacrum (IceCv)
  Erolcha (D:13)
  4 ogre magi
  7 centaur warriors
  2 catoblepae
  A death knight (D:12)
  2 tengu warriors
  11 death yaks
  13 two-headed ogres
  Urug (D:13)
  Nergalle (Orc:1)
  Sonja (Orc:1)
  6 spriggan simulacra (IceCv)
  Pikel (D:4)
  An orb spider (Lair:2)
  An obsidian statue (IceCv)
  6 deep elf pyromancers
  A harpy (shapeshifter) (D:15)
  A necromancer (Gauntlet)
  10 ugly things
  4 orc knights
  A phantasmal warrior (D:13)
  An oklob plant (Lair:1)
  6 cyclopes
  5 manticores
  A moth of wrath (Gauntlet)
  15 elephants
  5 black mambas
  2 torpor snails (Lair:6)
  2 gargoyles (D:13)
  An unseen horror (D:12)
  10 cane toads
  A rime drake (Lair:4)
  6 komodo dragons
  A kobold demonologist (D:13)
  6 efreet
  5 freezing wraiths
  6 ice devils (IceCv)
  6 entropy weaver simulacra (IceCv)
  2 anaconda simulacra (IceCv)
  A golden dragon simulacrum (IceCv)
  12 polar bears
  3 trolls
  8 blink frogs (Lair:5)
  A blink frog (shapeshifter) (D:13)
  3 raiju (Lair:6)
  12 slime creatures
  9 dream sheep
  A snapping turtle (Lair:2)
  2 vampires (D:12)
  Sigmund (D:4)
  2 shadows
  5 wraiths
  5 wyverns
  56 yaks
  2 dire elephant simulacra (IceCv)
  A steam dragon (D:8)
  A basilisk (Lair:4)
  3 redbacks (Gauntlet)
  4 minotaur simulacra (IceCv)
  Edmund (D:4)
  A swamp worm (shapeshifter) (D:13)
  12 wargs
  2 harpy simulacra (IceCv)
  4 acid dragons
  Menkaure (D:4)
  12 hell hounds (Lair:6)
  8 water moccasins
  51 orc warriors
  13 black bears
  2 sky beasts
  An alligator simulacrum (IceCv)
  2 ice beasts (D:4)
  7 ogres
  38 wolves
  A phantom (D:3)
  2 lemures (D:4)
  22 centaurs
  2 kobold brigands
  18 bullfrogs
  A gnoll sergeant (D:9)
  9 deep troll simulacra (IceCv)
  A scorpion (D:5)
  2 lindwurm simulacra (IceCv)
  3 water moccasin skeletons (D:5)
  9 killer bees
  An electric eel (Lair:2)
  5 wights (D:8)
  4 howler monkeys
  A lava snake (D:10)
  5 orc priests
  4 centaur zombies
  Crazy Yiuf (D:2)
  2 jellies
  A hound (D:6)
  2 centaur skeletons (D:5)
  3 iguanas (D:6)
  Natasha (thrice) (D:2)
  22 orc wizards
  A scorpion zombie (D:5)
  A killer bee zombie (D:4)
  A hound skeleton (D:2)
  6 gnolls (Bailey)
  8 adders
  2 worms (D:4)
  7 dart slugs
  60 orcs
  3 ball pythons
  4 endoplasms
  A giant cockroach (D:4)
  20 goblins
  20 hobgoblins
  4 quokkas
  5 bats
  6 frilled lizards
  13 kobolds
  7 rats
759 creatures vanquished.

Vanquished Creatures (collateral kills)
  A shadow (Gauntlet)
1 creature vanquished.

Vanquished Creatures (others)
  A demonic plant (Gauntlet)
  55 fulminant prisms (IceCv)
  40 fungi
  59 plants
155 creatures vanquished.

Grand Total: 915 creatures vanquished

Notes
Turn   | Place    | Note
-------+----------+-------------------------------------------
     0 | D:1      | Hasart the Demigod Conjurer began the quest for the Orb.
     0 | D:1      | Reached XP level 1. HP: 14/14 MP: 5/5
   468 | D:1      | Reached XP level 2. HP: 9/20 MP: 4/7
   471 | D:1      | Learned a level 2 spell: Searing Ray
  1619 | D:2      | Noticed Natasha
  1622 | D:2      | Killed Natasha
  1623 | D:2      | Reached XP level 3. HP: 26/26 MP: 3/9
  1678 | D:2      | Noticed Natasha
  1684 | D:2      | Killed Natasha
  1685 | D:2      | Reached XP level 4. HP: 33/33 MP: 3/10
  2329 | D:2      | Reached skill level 5 in Conjurations
  2361 | D:2      | Noticed Natasha
  2367 | D:2      | Killed Natasha
  2490 | D:2      | Found a runed translucent door.
  2491 | D:2      | Noticed Crazy Yiuf
  3026 | D:2      | Killed Crazy Yiuf
  3027 | D:2      | Reached XP level 5. HP: 5/38 MP: 1/12
  4085 | D:3      | Noticed a sky beast
  4094 | D:3      | Killed a sky beast
  4095 | D:3      | Reached XP level 6. HP: 36/45 MP: 8/14
  4101 | D:3      | Learned a level 5 spell: Freezing Cloud
  4197 | D:4      | Noticed Menkaure
  4202 | D:4      | Killed Menkaure
  4203 | D:4      | Noticed Sigmund
  4288 | D:4      | Reached skill level 1 in Ice Magic
  4288 | D:4      | Reached skill level 1 in Air Magic
  4474 | D:4      | Killed Sigmund
  4475 | D:4      | Reached XP level 7. HP: 36/50 MP: 6/16
  4631 | D:4      | Reached skill level 2 in Ice Magic
  4966 | D:4      | Noticed Edmund
  5030 | D:4      | Killed Edmund
  5506 | D:4      | Noticed Pikel
  5512 | D:4      | Killed Pikel
  5513 | D:4      | Reached skill level 5 in Spellcasting
  5513 | D:4      | Reached skill level 3 in Ice Magic
  5513 | D:4      | Reached XP level 8. HP: 50/57 MP: 10/19
  5824 | D:5      | Entered Level 5 of the Dungeon
  5824 | D:5      | Found a staircase to the Ecumenical Temple.
  6262 | D:4      | Reached skill level 4 in Ice Magic
  6752 | D:4      | Learned a level 4 spell: Olgreb's Toxic Radiance
  7044 | D:5      | Found Bautsiu's Antique Armour Emporium.
  7076 | D:5      | Bought a glowing robe for 77 gold pieces
  7076 | D:5      | Bought an embroidered robe for 77 gold pieces
  7238 | D:6      | Reached skill level 1 in Poison Magic
  7238 | D:6      | Reached XP level 9. HP: 30/62 MP: 11/21
  8780 | D:7      | Found Anuweex's Antique Armour Emporium.
  8855 | D:7      | Found Kofun's Book Boutique.
  8871 | D:7      | Found Wigeifia's Antique Armour Shoppe.
  8895 | D:7      | Found Wubrent's General Store.
  9027 | D:7      | Reached skill level 5 in Ice Magic
  9065 | D:7      | Reached skill level 5 in Air Magic
  9464 | D:8      | Found a staircase to the Lair.
 10687 | D:9      | Reached skill level 1 in Fighting
 10687 | D:9      | Reached skill level 1 in Evocations
 11054 | D:9      | Noticed a two-headed ogre
 11061 | D:9      | Killed a two-headed ogre
 11062 | D:9      | Reached XP level 10. HP: 72/72 MP: 19/23
 11156 | D:9      | Noticed a two-headed ogre
 11161 | D:9      | Killed a two-headed ogre
 11661 | D:10     | Entered Level 10 of the Dungeon
 11752 | D:10     | Noticed a two-headed ogre
 11759 | D:10     | Killed a two-headed ogre
 11760 | D:10     | Reached skill level 6 in Ice Magic
 11890 | D:10     | Found a flagged portal.
 11940 | Bailey   | Entered a bailey
 12308 | Bailey   | Noticed an orc warlord
 12318 | Bailey   | Killed an orc warlord
 12431 | Bailey   | Acquired a staff of air
 12476 | Bailey   | Noticed an orc knight
 12485 | Bailey   | Killed an orc knight
 12826 | D:10     | Reached XP level 11. HP: 82/82 MP: 21/25
 13333 | D:10     | Reached skill level 1 in Shields
 13496 | D:10     | Found a staircase to the Orcish Mines.
 13913 | Orc:1    | Entered Level 1 of the Orcish Mines
 14017 | Orc:1    | Noticed an orc knight
 14026 | Orc:1    | Killed an orc knight
 14027 | Orc:1    | Reached skill level 5 in Poison Magic
 14159 | Orc:1    | Noticed Nergalle
 14168 | Orc:1    | Killed Nergalle
 14425 | Orc:1    | Noticed an ogre mage
 14430 | Orc:1    | Killed an ogre mage
 14431 | Orc:1    | Reached skill level 7 in Ice Magic
 14693 | Orc:2    | Entered Level 2 of the Orcish Mines
 14796 | Orc:2    | Found a staircase to the Elven Halls.
 14803 | Orc:2    | Found Uxtim's Magic Scroll Emporium.
 15015 | Orc:2    | Noticed a centaur warrior
 15055 | Orc:2    | Killed a centaur warrior
 15642 | Orc:2    | Noticed an orc knight
 15647 | Orc:2    | Killed an orc knight
 16652 | Orc:2    | Noticed an orc knight
 17500 | Orc:2    | Killed an orc knight
 17501 | Orc:2    | Reached XP level 12. HP: 60/93 MP: 24/28
 17788 | Orc:2    | Found Natra's Antique Weapon Boutique.
 17788 | Orc:2    | Found Gitrafaf's Weapon Emporium.
 17790 | Orc:2    | Found Ozoucvu's Jewellery Shoppe.
 17792 | Orc:2    | Found Heluj's Armour Shop.
 17805 | Orc:2    | Bought an amulet of magic regeneration for 390 gold pieces
 17813 | Orc:2    | Bought a polished falchion for 312 gold pieces
 17813 | Orc:2    | Identified the +8 falchion "Xuof" {vorpal, Drain rF+ rCorr
                  | Str+6 SInv} (You bought it in a shop on level 2 of the
                  | Orcish Mines)
 17949 | Orc:1    | Noticed Sonja
 17953 | Orc:1    | Killed Sonja
 17962 | Orc:1    | Reached skill level 5 in Evocations
 18027 | Orc:1    | Noticed Harold
 18036 | Orc:1    | Killed Harold
 18037 | Orc:1    | Reached skill level 5 in Fighting
 18616 | Lair:1   | Entered Level 1 of the Lair of Beasts
 18796 | Lair:1   | Reached skill level 8 in Ice Magic
 18862 | Lair:1   | Noticed a six-headed hydra
 18869 | Lair:1   | Killed a six-headed hydra
 18915 | Lair:1   | Reached skill level 10 in Conjurations
 19777 | Lair:2   | Found a hole to the Spider Nest.
 20571 | Lair:2   | Found a staircase to the Shoals.
 20778 | Lair:2   | Reached skill level 9 in Ice Magic
 21238 | Lair:3   | Noticed Gastronok
 21256 | Lair:3   | Killed Gastronok
 21688 | Lair:3   | Reached skill level 5 in Shields
 22284 | Lair:4   | Reached XP level 13. HP: 88/100 MP: 30/30
 22365 | D:7      | Bought the Unrestrained Analects for 572 gold pieces
 22373 | D:7      | Learned a level 7 spell: Ozocubu's Refrigeration
 23004 | D:11     | Reached skill level 5 in Dodging
 23256 | D:11     | Reached skill level 10 in Ice Magic
 24450 | D:12     | Identified the +8 long sword "Rouxexae" {vorpal, Fragile
                  | rElec rC+ Str+4}
 24504 | D:12     | Reached skill level 11 in Ice Magic
 24783 | D:11     | Learned a level 4 spell: Sticky Flame
 25687 | Lair:4   | Found a runed translucent gate.
 25687 | Lair:4   | Found a runed translucent gate.
 25687 | Lair:4   | Found a runed translucent gate.
 25689 | Lair:4   | Noticed Fifowuza's ghost (journeyman DrTm)
 26301 | Lair:5   | Reached XP level 14. HP: 107/107 MP: 9/32
 26894 | Lair:5   | Reached skill level 12 in Ice Magic
 27343 | Lair:5   | Reached skill level 10 in Spellcasting
 28077 | Lair:6   | Entered Level 6 of the Lair of Beasts
 28397 | Lair:6   | Found a staircase to the Slime Pits.
 28943 | Lair:6   | Reached skill level 13 in Ice Magic
 29086 | Lair:6   | Noticed bidolon's ghost (journeyman SpEn)
 29253 | Lair:6   | Found a runed translucent door.
 30030 | Lair:6   | Learned a level 3 spell: Call Canine Familiar
 30915 | D:12     | Identified the +0 pair of gloves of Reason {Rampage Slay+2
                  | Stlth+}
 31142 | D:12     | Reached skill level 1 in Summonings
 31423 | D:13     | Found a gate leading to a gauntlet.
 31469 | Gauntlet | Entered a Gauntlet
 31469 | Gauntlet | Found a transporter.
 31481 | Gauntlet | Found a transporter.
 31483 | Gauntlet | Found a transporter.
 31499 | Gauntlet | Found a transporter.
 31501 | Gauntlet | Found a transporter.
 31512 | Gauntlet | Found a transporter.
 31528 | Gauntlet | Found a transporter.
 31535 | Gauntlet | Found a runed translucent door.
 31539 | Gauntlet | Found a transporter.
 31548 | Gauntlet | Found a transporter.
 31567 | Gauntlet | Found a transporter.
 31569 | Gauntlet | Found a transporter.
 31570 | Gauntlet | Found a transporter.
 31597 | Gauntlet | Found a transporter.
 31610 | Gauntlet | Found a transporter.
 32259 | Gauntlet | Identified the +2 pair of boots of Xidouf {Dex+2}
 32528 | Gauntlet | Identified the ring of Creativity {rF+ Will+ MP+9}
 32595 | Gauntlet | Got Sif Muna's Tome of the Glacier
 32754 | D:13     | Noticed Erolcha
 32759 | D:13     | Killed Erolcha
 32765 | D:13     | Reached XP level 15. HP: 107/113 MP: 16/34
 32931 | D:13     | Noticed Urug
 32934 | D:13     | Killed Urug
 33153 | D:13     | Found Diysem's Weapon Shop.
 33320 | D:13     | Reached skill level 14 in Ice Magic
 33669 | D:13     | Found a gate to the Vaults.
 34210 | D:13     | Identified the +4 trident of Fate {vorpal, *Noise rC++
                  | rN++}
 35074 | D:14     | You fall into a shaft and drop 1 floor!
 35074 | D:15     | Entered Level 15 of the Dungeon
 35075 | D:15     | Found a frozen archway.
 35085 | IceCv    | Entered an ice cave
 35439 | IceCv    | Learned a level 4 spell: Fulminant Prism
 35497 | IceCv    | Reached skill level 10 in Shields
 35649 | IceCv    | Reached skill level 15 in Ice Magic
 36083 | IceCv    | Identified the +1 helmet of Sif Muna's Hope {Rampage Int+4}
 37488 | IceCv    | Killed from afar by a blizzard demon

Illustrated notes

Levels and vault maps discovered:
D:1:      tarquinn_simple_flora_water_d, layout_loops_corners,
          dreamdust_ecumenical_altar_statues, minmay_crystal_room,
          minmay_tromino_i2
D:2:      layout_basic, uniq_natasha, uniq_crazy_yiuf_cottage
D:3:      layout_basic, supply_closet_lemuel, minmay_misc_feat_hallway
D:4:      layout_loops_ring, mainiacjoe_overflow_tiny_flanked, uniq_sigmund,
          uniq_pikel, uniq_edmund, uniq_menkaure
D:5:      layout_rooms, minmay_temple_entry_trees, serial_shops, shop
D:6:      layout_basic, chequers_serial_rivers_micro_a,
          nicolae_elevator_lobby_asterisk
D:7:      layout_rooms, nicolae_ru_awakened_eye, lemuel_doored_altar,
          serial_shops, shop, nicolae_shop_hallway_stairs,
          nicolae_shop_waterfront, nicolae_shop_advertising_works
          [nicolae_subvault_shop_adworks]
D:8:      layout_loops_ring, lair_entry_dummy, serial_glass, glass_columns_b,
          glass_columns_c, glass_columns_c, glass_columns_a, glass_columns_a,
          glass_columns_a, glass_columns_a, glass_columns_b, glass_columns_a,
          glass_columns_b, glass_columns_c, glass_columns_a, glass_columns_a,
          glass_columns_b, kennysheep_generic_room_6
D:9:      layout_irregular_city, mainiacjoe_overflow_boulevard,
          amethyst_overflow_temple_binary, kennysheep_generic_room_3
D:10:     layout_loops_cross, david_orc_4, enter_bailey_5,
          kennysheep_big_empty_room
D:11:     layout_cave_pods
D:12:     minmay_bloctagon, layout_basic
D:13:     evilmike_diamond_1, layout_irregular_city, david_vaults_2,
          gauntlet_entry_generic, serial_shops,
          nicolae_shop_bloodbath_and_beyond, uniq_urug, uniq_erolcha
D:14:     layout_irregular_city, patterned_corridor
D:15:     gammafunk_depths_entry_grave, layout_loops_cross,
          nicolae_qazlal_general_emergency, portal_ice_cave_entry_pillars_four,
          okawaru_altar_gauntlet_db
Lair:1:   layout_chaotic_city, dpeg_stationary_puzzle, grunt_megastairs_5,
          serial_bayou_shore_b
Lair:2:   layout_hall_layers, minmay_shoals_entry_hut,
          nicolae_spider_entry_orb_guardian, minivault_11
Lair:3:   layout_cellular_growth, serial_rivers, chequers_serial_rivers_small_b,
          chequers_serial_rivers_micro_c, chequers_serial_rivers_micro_e,
          chequers_serial_rivers_small_a, chequers_serial_rivers_small_a,
          chequers_serial_rivers_micro_c, infiniplex_staircase_pool_2,
          uniq_gastronok
Lair:4:   layout_misc_corridors, ebering_ghost_rock_garden
Lair:5:   layout_hall_layers, nicolae_lair_grove_arrangements
Lair:6:   hangedman_lair_caniforms_friends, layout_long_grid, wormcave,
          slime_altar_1, hellmonk_ghost_happy_afterlife, serial_bayou_shore_b
Orc:1:    layout_caves, mines4_lemuel, uniq_nergalle, uniq_harold, uniq_sonja
Orc:2:    st_orc_rangers, layout_caves, serial_shops, shop
IceCv:    ice_cave_caverns_01

Skill      XL: |  1  2  3  4  5  6  7  8  9 10 11 12 13 14 15 |
---------------+----------------------------------------------+-----
Spellcasting   | 2 3 4 5 6 7 8 9 10 11 | 11.7
Conjurations   | 4 5 6 7 8 9 10 | 10.0
Ice Magic      | 1 3 4 5 6 7 9 11 13 15 | 15.4
Air Magic      | 1 3 4 5 6 7 8 |  8.0
Poison Magic   | 1 3 4 5 6 7 |  7.0
Fighting       | 1 3 4 5 |  5.0
Evocations     | 1 3 4 5 |  5.0
Shields        | 3 5 7 9 10 | 10.3
Dodging        | 2 4 5 |  5.0
Summonings     | 1 |  1.5
Stealth        | |  1.7

Action                   |  1- 3 |  4- 6 |  7- 9 | 10-12 | 13-15 || total
-------------------------+-------+-------+-------+-------+-------++-------
Melee: Dagger            |     9 |     5 |    10 |       |       ||    24
       Staff             |       |       |    44 |    55 |     3 ||   102
       Punch             |       |       |     1 |     1 |       ||     2
       Falchion          |       |       |       |    26 |   123 ||   149
 Cast: Magic Dart        |    29 |    45 |    65 |       |       ||   139
       Searing Ray       |    11 |    16 |    64 |    10 |    37 ||   138
       Olgreb's Toxic Ra |       |       |    16 |    87 |    96 ||   199
       Freezing Cloud    |       |       |     4 |   123 |   163 ||   290
       Sticky Flame      |       |       |       |       |    58 ||    58
       Call Canine Famil |       |       |       |       |     5 ||     5
       Ozocubu's Refrige |       |       |       |       |    42 ||    42
       Fulminant Prism   |       |       |       |       |    56 ||    56
Evoke: Wand              |       |       |       |       |    10 ||    10
  Use: Scroll            |       |       |    11 |    14 |    12 ||    37
       Potion            |       |       |       |     1 |     6 ||     7
 Stab: Sleeping          |       |       |       |     1 |       ||     1
Armor: Robe              |     1 |     9 |    67 |    70 |   120 ||   267
       Skin              |       |       |       |       |     1 ||     1
Dodge: Dodged            |     7 |    11 |   120 |   172 |   204 ||   514
Block: Kite shield       |       |       |       |       |   215 ||   215
